 Dungeon Crawl Stone Soup version 0.28.0-45-g0d030f2227 (webtiles) character file.

Game seed: 14521239885734723510

2110 Fartwhistle the Thaumaturge (level 9, -2/52 HPs)
             Began as a Deep Elf Conjurer on Apr 14, 2022.
             Was a Follower of Vehumet.
             Slain by a vampire (6 damage)
             ... on level 6 of the Dungeon.
             The game lasted 00:21:34 (6835 turns).

Fartwhistle the Thaumaturge (Deep Elf Conjurer)     Turns: 6835, Time: 00:21:35

Health: -2/52      AC: 10    Str:  9    XL:     9   Next: 7%
Magic:  11/32      EV: 10    Int: 34    God:    Vehumet [*.....]
Gold:   196        SH:  5    Dex:  8    Spells: 18/25 levels left

rFire   + . .      SeeInvis +   h - +8 lajatang of Understanding {speed, rN+ Str+3 SInv}
rCold   . . .      Faith    .   (shield currently unavailable)
rNeg    + . .      Spirit   .   p - +2 ring mail {rF+}
rPois   .          Reflect  +   g - +0 helmet
rElec   +          Harm     .   x - +0 cloak
rCorr   .          Rampage  .   (no gloves)
Will    .....                   (no boots)
Stlth   +.........              e - amulet of reflection
HPRegen 0.17/turn               q - ring of magical power
MPRegen 0.23/turn               r - ring of Daenug {+Blink rElec Str+2 Int+6 Dex-5}

@: no status effects
A: no striking features
a: Renounce Religion, Evoke Blink


You were on level 6 of the Dungeon.
You worshipped Vehumet.
Vehumet was aware of your devotion.
You visited 2 branches of the dungeon, and saw 7 of its levels.

You collected 280 gold pieces.
You spent 84 gold pieces at shops.

Inventory:

Hand Weapons
 h - the +8 lajatang of Understanding (weapon) {speed, rN+ Str+3 SInv}
   (You found it on level 2 of the Dungeon)

   Attacks with this weapon are significantly faster.
   Str:       It affects your strength (+3).
   rN:        It protects you from negative energy.
   SInv:      It lets you see invisible.
Missiles
 i - 2 throwing nets
Armour
 a - a +0 robe
 g - a +0 helmet (worn)
 p - a +2 ring mail of fire resistance (worn)
 x - a +0 cloak (worn)
Jewellery
 e - an amulet of reflection (around neck)
 q - a ring of magical power (left hand)
 r - the ring of Daenug (right hand) {+Blink rElec Str+2 Int+6 Dex-5}
   (You found it on level 4 of the Dungeon)

   [ring of intelligence]

   Str:       It affects your strength (+2).
   Int:       It affects your intelligence (+6).
   Dex:       It affects your dexterity (-5).
   rElec:     It insulates you from electricity.
   +Blink:    It lets you blink.
 A - a ring of magical power
Wands
 c - a wand of flame (30)
 m - a wand of iceblast (4)
 B - a wand of polymorph (10)
Scrolls
 f - a scroll of holy word
 j - a scroll of blinking {unknown}
 o - a scroll of enchant armour {unknown}
 s - a scroll of noise {unknown}
 u - 2 scrolls of magic mapping {unknown}
 y - 2 scrolls of immolation {unknown}
 z - a scroll of fog {unknown}
Potions
 b - a potion of attraction
 d - a potion of resistance
 k - 2 potions of brilliance
 l - a potion of curing
 n - 3 potions of cancellation
 t - a potion of mutation
 v - a potion of flight
 w - a potion of berserk rage
 C - a potion of heal wounds


   Skills:
 + Level 4.7 Fighting
 + Level 3.7 Armour
 - Level 3.0 Dodging
 - Level 2.4 Stealth
 + Level 8.5 Spellcasting
 * Level 8.3 Conjurations
 + Level 1.7 Evocations


You had 18 spell levels left.
You knew the following spells:

 Your Spells              Type           Power      Damage    Failure   Level
a - Magic Dart            Conj           100%       1d8       1%          1
b - Searing Ray           Conj           100%       2d8       1%          2
c - Iskenderun's Mystic   Conj/Tloc      42%        2d10      14%         4

Your spell library contained the following spells:

 Spells                   Type           Power      Damage    Failure   Level
 Freeze                   Ice            56%        1d7       9%          1
 Dazzling Flash           Conj/Hex       84%        N/A       4%          3
 Fulminant Prism          Conj/Hex       21%        3d13      14%         4


Dungeon Overview and Level Annotations

Branches:
Dungeon (6/15)             Temple (1/1) D:4

Altars:
Ashenzari
Cheibriados
Gozag
Hepliaklqana
Kikubaaqudgha
Makhleb
Nemelex Xobeh
Okawaru
Qazlal
Sif Muna
Trog
Vehumet
Wu Jian
Xom
Yredelemnul
The Shining One

Shops:
D:1 !   D:3 !   D:4 :

Annotations:
D:2 1 runed translucent door, Crazy Yiuf


Message History

The vampire is severely damaged.
The vampire draws life force from you.
The searing ray hits the vampire.
The vampire is severely damaged.
The vampire draws life force from you.
The vampire is healed by the life force!
The searing ray hits the vampire.
The vampire is severely damaged.
You finish channelling your searing ray.
The vampire hits you! You block the vampire's attack.
Casting: Searing Ray (safe; 1% risk of failure)
Confirm with . or Enter, or press ? or * to list all spells.
Aiming: Searing Ray (safe; 1% risk of failure)
Press: ? - help, Shift-Dir - straight line, f/p - vampire
Aim: a vampire (severely damaged, slightly transparent, 83% to hit)
The searing ray hits the vampire.
The vampire is almost destroyed. (Press . to maintain the ray.)
The vampire hits you but does no damage.
The vampire bites you!
* * * LOW HITPOINT WARNING * * *
The vampire draws strength from your injuries!
The searing ray hits the vampire.
The vampire is almost destroyed.
The vampire draws life force from you.
* * * LOW HITPOINT WARNING * * *
The vampire is healed by the life force!
The searing ray hits the vampire but does no damage.
The vampire is almost destroyed.
The vampire points at you and mumbles some strange words.
You are confused.
You feel better.
The vampire hits you but does no damage.
The vampire bites you!
* * * LOW HITPOINT WARNING * * *
The vampire draws strength from your injuries!
You fail to use your ability.
The vampire hits you but does no damage.
The vampire bites you.
You die...

# # #........ # .......
# #.....# # #.....#
######..V.. # (.......).
.###.
########.##########>....
# #.=......V@<..# #
#........##.#.# ...#
#.######.#..# ...#
#.#.........# ...#
#.##.###.####.# ####
#.##.#........#
#.##.#.#.######
#######.##.#.#)...#
...........#.#).#.#


You could see a vampire (invisible).

Vanquished Creatures
  Pikel (D:4)
  Sigmund (D:2)
  2 ogres
  2 centaurs
  2 phantoms
  2 lemures (D:4)
  4 scorpions
  3 wights (D:6)
  A centaur zombie (D:5)
  A hound (D:5)
  2 orc priests
  Jessica (D:3)
  2 iguanas (D:4)
  4 orc wizards
  Ijyb (D:3)
  Terence (D:3)
  A scorpion zombie (D:5)
  7 gnolls
  9 adders
  A shadow imp (D:5)
  An adder skeleton (D:4)
  2 worms
  3 dart slugs
  17 orcs
  10 ball pythons
  7 bats
  4 endoplasms
  5 giant cockroaches
  9 goblins
  7 hobgoblins
  2 jackals (D:5)
  7 quokkas
  4 frilled lizards
  6 kobolds
  6 rats
138 creatures vanquished.

Vanquished Creatures (others)
  5 plants (D:4)
5 creatures vanquished.

Grand Total: 143 creatures vanquished

Notes
Turn   | Place    | Note
-------+----------+-------------------------------------------
     0 | D:1      | Fartwhistle the Deep Elf Conjurer began the quest for the
                  | Orb.
     0 | D:1      | Reached XP level 1. HP: 10/10 MP: 6/6
   143 | D:1      | Reached XP level 2. HP: 7/15 MP: 2/8
   651 | D:1      | Found Gaing's Distillery.
   888 | D:2      | Reached XP level 3. HP: 20/20 MP: 3/10
   891 | D:2      | Learned a level 2 spell: Searing Ray
   981 | D:2      | Identified the +8 lajatang of Understanding {speed, rN+
                  | Str+3 SInv}
  1220 | D:2      | Found a runed translucent door.
  1221 | D:2      | Noticed Crazy Yiuf
  1294 | D:2      | Found a faded altar of an unknown god.
  1385 | D:2      | Noticed Sigmund
  1409 | D:2      | Killed Sigmund
  1410 | D:2      | Reached skill level 5 in Spellcasting
  1410 | D:2      | Reached skill level 5 in Conjurations
  1410 | D:2      | Reached XP level 4. HP: 23/26 MP: 3/13
  1410 | D:2      | Reached XP level 5. HP: 27/30 MP: 3/14
  2012 | D:3      | Found Omeochah's Distillery.
  2045 | D:3      | Bought 2 potions of curing for 84 gold pieces
  2269 | D:3      | Noticed Terence
  2278 | D:3      | Killed Terence
  2281 | D:3      | Noticed Ijyb
  2284 | D:3      | Killed Ijyb
  2285 | D:3      | Reached XP level 6. HP: 29/36 MP: 5/16
  2442 | D:3      | Found a broken altar of Ashenzari.
  2731 | D:3      | Noticed Jessica
  2754 | D:3      | Killed Jessica
  3037 | D:4      | Identified the ring of Daenug {+Blink rElec Str+2 Int+6
                  | Dex-5}
  3122 | D:4      | Found Xaucicw's Book Shoppe.
  3516 | D:4      | Noticed Pikel
  3530 | D:4      | Killed Pikel
  3531 | D:4      | Reached XP level 7. HP: 3/41 MP: 11/19
  3759 | D:4      | Learned a level 4 spell: Iskenderun's Mystic Blast
  4094 | D:4      | Reached XP level 8. HP: 48/48 MP: 17/20
  4171 | D:4      | Found a basalt altar of Yredelemnul.
  4172 | D:4      | Found a hazy altar of Hepliaklqana.
  4326 | D:4      | Found a staircase to the Ecumenical Temple.
  4632 | Temple   | Entered the Ecumenical Temple
  4661 | Temple   | Became a worshipper of Vehumet
  5091 | D:5      | Entered Level 5 of the Dungeon
  5278 | D:5      | Found a bloodstained altar of Trog.
  6583 | D:6      | Reached * piety under Vehumet
  6583 | D:6      | Offered knowledge of Freeze by Vehumet.
  6685 | D:6      | Reached skill level 1 in Evocations
  6704 | D:6      | Reached XP level 9. HP: 46/52 MP: 10/23
  6835 | D:6      | Slain by a vampire

Illustrated notes

Levels and vault maps discovered:
D:1:      amcnicky_arrival_flooded_fountain, layout_rooms, serial_shops,
          nicolae_shop_hallway_plus
D:2:      layout_loops_cross, hellmonk_ecumenical_altar_slurped_away,
          uniq_crazy_yiuf_cottage, uniq_sigmund
D:3:      layout_basic, mainiacjoe_overflow_tiny_flanked, serial_shops,
          nicolae_shop_stone, uniq_jessica, uniq_terence, uniq_ijyb
D:4:      minmay_diamond_boxcup, layout_basic, gammafunk_temple_overflow_pools,
          minmay_temple_entry_enclosed_plants, serial_shops, shop_fountains,
          serial_rivers, chequers_serial_rivers_small_b,
          chequers_serial_rivers_small_3, chequers_serial_rivers_small_3,
          chequers_serial_rivers_large_b, chequers_serial_rivers_small_a,
          chequers_serial_rivers_small_b, interstate_on_off,
          serial_bayou_pond_a, uniq_pikel
D:5:      layout_cave_pools, lemuel_tele_altar
D:6:      layout_basic, ebering_ghost_sewer_d
Temple:   minmay_temple_bridge_abc

Skill      XL: |  1  2  3  4  5  6  7  8 |
---------------+-------------------------+-----
Dodging        | 3 |  3.0
Fighting       | 2 3 4 |  4.7
Spellcasting   | 5 6 7 8 |  8.5
Conjurations   | 5 6 7 8 |  8.3
Armour         | 2 3 |  3.7
Evocations     | 1 |  1.7
Stealth        | |  2.4

Action                   |  1- 3 |  4- 6 |  7- 9 || total
-------------------------+-------+-------+-------++-------
Melee: Lajatang          |    14 |    52 |    48 ||   114
 Cast: Magic Dart        |    53 |    39 |   107 ||   199
       Searing Ray       |     2 |     6 |    19 ||    27
  Use: Potion            |     1 |       |     2 ||     3
       Scroll            |       |     3 |     5 ||     8
 Stab: Distracted        |     1 |       |       ||     1
       Sleeping          |       |     3 |       ||     3
Armor: Robe              |     3 |     5 |     1 ||     9
       Ring mail         |       |       |    38 ||    38
Dodge: Dodged            |     7 |    30 |    48 ||    85
Block: Other             |       |       |     7 ||     7
       Reflection        |       |       |     1 ||     1
